 Dungeon Crawl Stone Soup version 0.27-a0-385-g3208abaabc (webtiles) character file.

Game seed: 7954557798548291733

1 Burgietje the Skirmisher (level 1, -5/14 HPs)
             Began as a Gargoyle Fighter on Feb 18, 2021.
             Slain by a gnoll
             ... wielding a +0 halberd
              (9 damage)
             ... on level 2 of the Dungeon.
             The game lasted 00:00:57 (147 turns).

Burgietje the Skirmisher (Gargoyle Fighter)          Turns: 147, Time: 00:00:58

Health: -5/14      AC:  9    Str: 19    XL:     1   Next: 20%
Magic:  1/1        EV:  7    Int:  8    God:
Gold:   8          SH:  9    Dex:  9    Spells: 0/0 levels left

rFire    . . .     SeeInvis .   a - +0 war axe
rCold    . . .     Faith    .   c - +0 kite shield
rNeg     + . .     Spirit   .   b - +0 scale mail
rPois    ∞         Reflect  .   (no helmet)
rElec    +         Harm     .   (no cloak)
rCorr    .         Rampage  .   (no gloves)
Will     .....                  (no boots)
Stlth    ..........             (no amulet)
HPRegen  0.04/turn              (no ring)
MPRegen  0.07/turn              (no ring)

@: no status effects
A: negative energy resistance 1, electricity resistance, unbreathing,
petrification resistance, miasma immunity, AC +2
a: no special abilities


You were on level 2 of the Dungeon.
You visited 1 branch of the dungeon, and saw 2 of its levels.

You collected 8 gold pieces.

Inventory:

Hand Weapons
 a - a +0 war axe (weapon)
Armour
 b - a +0 scale mail (worn)
 c - a +0 kite shield (worn)
Scrolls
 e - a scroll of identify {unknown}
 f - a scroll of magic mapping {unknown}
Potions
 d - a potion of might


   Skills:
 + Level 3.3 Fighting
 + Level 1.8 Axes
 - Level 3.2 Armour
 - Level 3.2 Shields


You couldn't memorise any spells.
You didn't know any spells.
Your spell library was empty.

Dungeon Overview and Level Annotations

Branches:
Dungeon (1/15)

Altars:

Annotations:
D:2 Natasha


Innate Abilities, Weirdness & Mutations

You are resistant to torment.
Your stone body is resilient. (AC +2)
You are immune to poison.
You resist negative energy. (rN+)
You are resistant to electric shocks. (rElec)
You can survive without breathing.
You are immune to petrification.
You are immune to miasma.


Message History

The bat hits you but does no damage. You block the bat's attack.
You block the bat's attack. The bat hits you but does no damage.
You block the bat's attack. The bat barely misses you.
You block the bat's attack. The bat hits you but does no damage.
The bat hits you but does no damage. You block the bat's attack.
Found a hunting sling.
You block the ball python's attack. The ball python grabs you.
The ball python constricts you.
Found 22 stones.
The ball python's grasp on you weakens, but your attempt to escape fails.
You block the ball python's attack. The ball python constricts you.
You escape the ball python's grasp.
You block the ball python's attack. The ball python barely misses you.
The ball python bites you. The ball python grabs you.
The ball python constricts you.
You escape the ball python's grasp.
Found a scroll labelled ROSOGE KOMOSU.
You block the ball python's attack. The ball python grabs you.
The ball python constricts you.
You see here a scroll labelled ROSOGE KOMOSU.
f - a scroll labelled ROSOGE KOMOSU You block the ball python's attack.
The ball python constricts you.
You escape the ball python's grasp.
Found a stone staircase leading down.
The ball python bites you but does no damage.
The ball python grabs you. The ball python constricts you.
You escape the ball python's grasp.
The ball python bites you.
* * * LOW HITPOINT WARNING * * *
You block the ball python's attack.
The ball python bites you but does no damage.
You block the ball python's attack. The gnoll hits you but does no damage.
You block the ball python's attack. x2
The gnoll hits you from afar with a +0 halberd!
Ouch! That really hurt!
You die...

gSb..#g#..........
####.#5###...##.##
g....#.# #.......#
######l###.#.##..#
#.h.g.#..#..#
########.#..#
#....# #...####.#
##### #.S@.....#
#...# #..#######
#.#.# #g.# #.#g#
#..# #######g#.#
#..#
....g...#.####..#
#########......>#
# ######### #


You could see a gnoll and a ball python.

Vanquished Creatures
  A giant cockroach (D:2)
1 creature vanquished.

Notes
Turn   | Place    | Note
-------+----------+-------------------------------------------
     0 | D:1      | Burgietje the Gargoyle Fighter began the quest for the Orb.
     0 | D:1      | Reached XP level 1. HP: 14/14 MP: 1/1
     7 | D:1      | You fall into a shaft and drop 1 floor!
     7 | D:2      | Noticed Natasha
    67 | D:2      | Noticed a crimson imp
    84 | D:2      | Noticed a crimson imp
   147 | D:2      | Slain by a gnoll

Illustrated notes

Levels and vault maps discovered:
D:1:      dpeg_arrival_pits, layout_rooms
D:2:      layout_basic, fountainhead, minmay_tetromino_i2, uniq_natasha

Action                   || total
-------------------------++-------
Melee: War axe           ||     1
Armor: Scale mail        ||    19
Dodge: Dodged            ||    14
Block: Kite shield       ||    40

Table legend: (Time is in decaauts)
 A = Elapsed time spent in this place.
 B = Non-inter-level travel time spent in this place.
 C = Inter-level travel time spent in this place.
 D = Time resting spent in this place.
 E = Time spent auto-exploring this place.
 F = Levels seen in this place.
 G = Mean time per level.
                   A        B        C        D        E       F      G
               +--------+--------+--------+--------+--------+-----+--------+
         Total |    147 |    147 |      0 |      0 |      6 |   2 |   73.5 |
       Dungeon |    147 |    147 |      0 |      0 |      6 |   2 |   73.5 |
               +--------+--------+--------+--------+--------+-----+--------+

Top non-repeatable levels by time:
     D:2: 140 daAuts
     D:1: 7 daAuts
